 Dungeon Crawl Stone Soup version 0.31-a0-182-gc5ef74bbde (webtiles) character file.

Game seed: 847657936362376622

148389 juan097 the Fighter (level 18, -3/135 HPs)
             Began as a Djinni Hedge Wizard on June 21, 2023.
             Was the Champion of Ru.
             Collided with a rock wall (10 damage)
             ... caused by a salamander mystic
             ... on level 3 of the Snake Pit on June 22, 2023.
             The game lasted 02:18:49 (31670 turns).

juan097 the Fighter (Djinni Hedge Wizard)          Turns: 31670, Time: 02:18:50

Health: -3/135     AC: 25    Str:  9    XL:     18   Next: 11%
Gold:   1724       EV: 16    Int: 21    God:    Ru [******] SH:  0 Dex: 16

rFire   + + .        U - +8 demon blade "Leech" {evervamp, Harm Drain rN+}
rCold   + . .        (shield unavailable)
rNeg    + . .        J - +3 leather armour {rC+}
rPois   ∞            d - +5 helmet "Locumoru" {Fly rC+}
rElec   .            x - +2 cloak {rCorr}
rCorr   +            H - +0 pair of gloves
SInv    .            (boots unavailable)
Will    +....        F - amulet of regeneration
Stlth   ++++         (ring unavailable)
HPRegen 1.22/turn    Q - ring of the Tortoise {AC+8}
MPRegen 0.00/turn

%: harm (+30% outgoing, +20% incoming), infuse magic (-4 HP)
@: flying
A: sickness immunity, fire resistance 2, cold vulnerability 1, missing a hand,
inability to use devices, unskilled 1, float, innate caster, HP casting, extra
vitality 1
a: Renounce Religion, Draw Out Power, Power Leap, Apocalypse


You were on level 3 of the Snake Pit.
You worshipped Ru.
Ru was exalted by your worship.
You visited 5 branches of the dungeon, and saw 26 of its levels.
You also visited: Ossuary and Gauntlet.

You collected 3288 gold pieces.
You spent 1564 gold pieces at shops.

Inventory:

Hand Weapons
 a - a +4 dagger of electrocution
 U - the +8 demon blade "Leech" (weapon) {evervamp, Harm Drain rN+}
   (You found it in a Gauntlet)

   rN:        It protects you from negative energy.
   Drain:     It drains your maximum health when unequipped.
   Harm:      It increases damage dealt and taken.
Missiles
 q - 7 curare-tipped darts
 w - 42 poisoned darts
 y - 3 atropa-tipped darts
 K - a throwing net
 O - 2 datura-tipped darts
 S - 7 silver javelins
Armour
 d - the +5 helmet "Locumoru" (worn) {Fly rC+}
   (You acquired it on level 2 of the Snake Pit)

   rC:        It protects you from cold.
   Fly:       It grants you flight.
 p - a +2 helmet
 x - a +2 cloak of preservation (worn)
 H - a +0 pair of gloves (worn)
 J - a +3 leather armour of cold resistance (worn)
Magical Staves
 B - a staff of cold
 C - a staff of death
Jewellery
 A - the ring "Voica" {rElec Will+ Str-3 Int+6 Dex+5}
   (You found it in a Gauntlet)

   [ring of intelligence]

   Str:       It affects your strength (-3).
   Int:       It affects your intelligence (+6).
   Dex:       It affects your dexterity (+5).
   rElec:     It insulates you from electricity.
   Will:      It increases your willpower.
 E - a ring of protection from cold
 F - an amulet of regeneration (around neck)
 Q - the ring of the Tortoise (right hand) {AC+8}
   (You found it on level 5 of the Lair of Beasts)

   [ring of protection]

   AC:        It affects your AC (+8).
Scrolls
 b - a scroll of blinking
 c - 4 scrolls of fear
 e - 5 scrolls of fog
 f - a scroll of poison
 g - 3 scrolls of butterflies
 i - 4 scrolls of enchant armour
 k - 2 scrolls of vulnerability
 l - a scroll of torment
 n - 7 scrolls of immolation
 r - 11 scrolls of teleportation
 G - a scroll of enchant weapon
 I - 3 scrolls of brand weapon
 L - 2 scrolls of silence
 M - a scroll of identify
 T - 2 scrolls of revelation
Potions
 h - 14 potions of curing
 j - 5 potions of heal wounds
 m - 5 potions of attraction
 o - 6 potions of lignification
 s - 8 potions of mutation
 t - 2 potions of enlightenment
 u - a potion of ambrosia
 v - a potion of invisibility
 z - 6 potions of might
 D - a potion of brilliance
 P - 2 potions of haste


   Skills:
 + Level 14.0 Fighting
 - Level 8.0(8.3) Short Blades
 + Level 3.7(6.3) Long Blades
 + Level 8.5 Throwing
 + Level 5.9 Armour
 + Level 9.5 Dodging
 + Level 8.7 Stealth
 + Level 12.2 Spellcasting
 + Level 12.2 Conjurations
 + Level 12.2 Hexes
 + Level 12.2 Summonings
 + Level 12.2 Necromancy
 + Level 12.2 Translocations
 + Level 12.2 Transmutations
 + Level 12.2 Fire Magic
 + Level 12.2 Ice Magic
 + Level 12.2 Air Magic
 + Level 12.2 Earth Magic
 + Level 12.2 Poison Magic


You knew the following spells:

 Your Spells              Type           Power      Damage    Failure   Level
a - Magic Dart            Conj           100%       1d8       1%          1
b - Foxfire               Conj/Fire      100%       2x1d9     1%          1
c - Blink                 Tloc           100%       N/A       1%          2
d - Call Imp              Summ           100%       N/A       1%          2
e - Mephitic Cloud        Conj/Pois/Air  59%        N/A       1%          3
f - Slow                  Hex            100%       N/A       1%          1
g - Lesser Beckoning      Tloc           100%       N/A       1%          2
h - Summon Guardian Gole  Hex/Summ       59%        N/A       1%          3
i - Leda's Liquefaction   Hex/Erth       29%        N/A       1%          4
j - Summon Ice Beast      Ice/Summ       59%        N/A       1%          4
k - Agony                 Necr           59%        N/A       1%          5
l - Statue Form           Tmut/Erth      39%        N/A       7%          6
m - Orb of Destruction    Conj           29%        9d9       36%         7
Your spell library was empty.

Dungeon Overview and Level Annotations

Branches:
Dungeon (15/15)            Temple (1/1) D:6            Lair (5/5) D:9
 Shoals (0/4) Lair:2        Snake (3/4) Lair:2        Slime (0/5) Lair:5
    Orc (2/2) D:11            Elf (0/3) Orc:2        Vaults (0/5) D:14
 Depths (0/4) D:15        Ossuary (visited)         Gauntlet (visited)

Altars:
Ashenzari
Cheibriados
Dithmenos
Elyvilon
Fedhas
Gozag
Hepliaklqana
Makhleb
Nemelex Xobeh
Okawaru
Qazlal
Ru
Trog
Uskayaw
Wu Jian
Xom
Yredelemnul
Zin
The Shining One

Shops:
D:4 [   D:8 (   D:15 *   Orc:1 *   Orc:2 [*(:   Snake:1 (   Snake:2 ?*
Snake:3 **

Annotations:
D:9 2 transporters
Snake:3 3 runed translucent doors, exclusion: obsidian statue, Guoplah's ghost, adept HOFi


Innate Abilities, Weirdness & Mutations

You are immune to sickness and miasma.
You are immune to poison.
Your flesh is very heat resistant. (rF++)
You are vulnerable to cold. (rC-)
You are missing a hand.
You cannot study or use magical devices.
You are somewhat unskilled. (-1 Apt)
You float through the air rather than walking.
You learn spells naturally, not from books.
Your magical power is your life essence.
You have superior vitality. (+4 MHP)


Message History

The lance of force hits your guardian golem!!
Your guardian golem is knocked back by the lance of force.
Your guardian golem collides with you!
Your guardian golem is severely damaged.
A salamander comes into view.
It is wielding a +0 vampiric demon trident.
Your guardian golem overheats!
The salamander mystic points at you and mumbles some strange words.
The lance of force hits your guardian golem!!
Flame seeps out of your guardian golem.
Your guardian golem is knocked back by the lance of force.
Your guardian golem slams into the rock wall!
Your guardian golem disappears in a puff of smoke!
Your guardian golem explodes!
The fiery explosion engulfs you! You resist.
You hear a shout!
You see here a +0 robe.
Casting: Summon Guardian Golem (safe; 1% risk of failure)
Confirm with . or Enter, or press ? or * to list all spells.
A chill wind blows around you.
You swap places.
Your ice beast hits the salamander mystic but does no damage.
The salamander mystic hits your ice beast with a +0 scimitar!
Your ice beast is engulfed in flames!!
Your ice beast melts!
Your ice beast hits the salamander mystic.
Your ice beast freezes the salamander mystic!!
The salamander mystic is frozen!
Casting: Summon Ice Beast (safe; 1% risk of failure)
Confirm with . or Enter, or press ? or * to list all spells.
A guardian golem appears, shielding your allies.
The salamander mystic gestures at you while chanting.
The lance of force hits your ice beast!!
Your ice beast dies!
Your ice beast disappears in a puff of smoke!
The salamander mystic points at you and mumbles some strange words.
The lance of force hits you!!!
* * * LOW HITPOINT WARNING * * *
You are knocked back by the lance of force.
You slam into the rock wall!
You die...

.....# #...<#.......#
.....###.......##...#
.....##....#..#######
...####...##..# .###
#.......## #####
#...#.#..# ....#
###...##.# #####
##.###.### ...#
#.#....@# ...#
###.....# ...#
#.......# ...#
###..9..# ..##
#.....# .##
.###..N### ##
..###.[§# N..###§#
#N.##N#


You could see a salamander mystic (ally target) and a friendly guardian golem
(summoned).

Vanquished Creatures
  A minotaur (Gauntlet)
  An ettin (Orc:1)
  A vault guard (D:14)
  3 catoblepae
  8 anacondas
  A boulder beetle (D:11)
  5 naga warriors
  A tengu warrior (D:13)
  2 death yaks (Lair:5)
  2 orc high priests (Orc:2)
  5 shock serpents
  Sonja (D:10)
  4 naga sharpshooters
  2 skysharks
  Lodul (D:10)
  4 skeletal warriors
  A fire crab (Lair:5)
  A death drake (shapeshifter) (D:14)
  2 wizards
  A naga ritualist (Snake:3)
  2 orange crystal statues (D:15)
  4 orc knights (Orc:2)
  5 deep elf pyromancers
  6 mana vipers (Snake:2)
  4 cyclopes
  4 orc sorcerers
  9 salamanders
  5 guardian serpents
  8 ugly things
  An elephant (Lair:3)
  6 naga magi
  A torpor snail (Lair:2)
  22 black mambas
  5 cane toads
  A molten gargoyle (Lair:4)
  A gargoyle (D:12)
  2 centaur skeletons (D:15)
  A rime drake (Lair:2)
  2 komodo dragons
  A polar bear (Lair:3)
  3 hornets
  6 trolls
  2 merfolk (Lair:2)
  9 blink frogs
  Grinder (D:6)
  6 slime creatures
  A centaur simulacrum (D:15)
  Sigmund (D:6)
  A water elemental (D:15)
  A wyvern (D:10)
  2 basilisks
  20 yaks
  2 wraiths
  A golden eye (shapeshifter) (D:14)
  Menkaure (D:5)
  28 nagas
  2 vampire mosquitoes (D:13)
  3 wargs
  A swamp worm (Gauntlet)
  An acid dragon (D:8)
  8 water moccasins
  2 black bears
  25 orc warriors
  13 wolves
  6 ogres
  A centaur (D:9)
  2 kobold brigands
  A necrophage (D:5)
  9 bullfrogs
  A gnoll sergeant (D:12)
  4 scorpions
  13 wights
  6 killer bees (D:8)
  An electric eel (D:15)
  11 howler monkeys
  A lava snake (Lair:4)
  A human zombie (D:5)
  5 bullfrog zombies (D:5)
  3 jellies
  A gnoll bouda (D:8)
  4 hounds
  13 orc priests
  Jessica (D:3)
  Ijyb (D:3)
  Natasha (thrice) (D:4)
  A scorpion zombie (D:5)
  3 iguanas
  23 orc wizards
  A hound zombie (D:5)
  14 mummies
  8 gnolls
  9 adders
  A shadow imp (D:8)
  2 white imps
  3 ufetubi
  2 worms
  2 dart slugs
  57 orcs
  2 ball pythons
  3 endoplasms
  5 giant cockroaches
  8 goblins
  10 hobgoblins
  18 kobolds
  4 quokkas
  6 bats
  4 frilled lizards
  4 gnoll skeletons (Ossuary)
  A goblin skeleton (Ossuary)
  A kobold skeleton (Ossuary)
  2 orc skeletons (Ossuary)
  3 rats
  11 rat skeletons (Ossuary)
  2 butterflies
575 creatures vanquished.

Vanquished Creatures (collateral kills)
  Jorgrun (Orc:1)
  Gastronok (Lair:1)
  An orc warlord (Orc:2)
  A hydra (Lair:2)
  A catoblepas (Lair:5)
  A boulder beetle (D:10)
  3 two-headed ogres
  6 death yaks
  A naga warrior (Snake:1)
  A naga sharpshooter (Snake:2)
  A shock serpent (Snake:3)
  An orc high priest (Orc:1)
  2 salamander mystics (Snake:2)
  A skyshark (Lair:3)
  A goliath frog (shapeshifter) (D:14)
  A naga ritualist (Snake:2)
  A lindwurm (Lair:3)
  A necromancer (D:15)
  3 mana vipers
  2 salamanders
  2 ugly things (D:14)
  A manticore (Lair:5)
  An elephant (Lair:3)
  3 cane toads
  A merfolk siren (Lair:2)
  6 black mambas
  7 naga magi
  A molten gargoyle (Lair:4)
  3 rime drakes
  A komodo dragon (Lair:1)
  A rime drake (shapeshifter) (D:15)
  A merfolk (Lair:2)
  2 trolls (Orc:2)
  5 blink frogs
  6 slime creatures
  11 yaks
  A golden eye (shapeshifter) (D:14)
  Eustachio (D:6)
  3 basilisks
  6 vampire mosquitoes
  An acid dragon (D:9)
  4 nagas
  2 water moccasins
  3 orc warriors
  3 ogres (D:10)
  6 wolves
  2 bullfrogs (Lair:3)
  A scorpion (Lair:2)
  A wight (D:7)
  2 howler monkeys (D:10)
  3 lava snakes (Lair:4)
  2 jellies (Lair:5)
  2 orc priests (Orc:1)
  2 orc wizards
  7 orcs
  A foxfire (Lair:2)
136 creatures vanquished.

Vanquished Creatures (others)
  Rupert (Orc:2)
  2 nagarajas (Snake:3)
  The ghost of knightboat the Basher, a novice OgMo of Nemelex Xobeh (D:8)
  A catoblepas (Lair:5)
  3 anacondas
  A boulder beetle (D:15)
  3 hydras
  3 two-headed ogres
  3 death yaks
  Erica (D:10)
  A tengu warrior (D:12)
  7 naga warriors
  A naga sharpshooter (Snake:2)
  Nergalle (D:10)
  2 sixfirhies (Gauntlet)
  3 skeletal warriors (D:14)
  A lindwurm (Lair:5)
  2 mana vipers
  5 ugly things
  A centaur zombie (D:15)
  A manticore (Lair:5)
  A cyclops (D:11)
  2 elephants (Lair:3)
  A black mamba (Snake:2)
  2 guardian serpents
  A torpor snail (Lair:2)
  A cane toad (Lair:2)
  3 naga magi (Snake:3)
  A gargoyle (D:10)
  3 komodo dragons
  A troll (D:11)
  A tyrant leech (Gauntlet)
  A hornet (D:8)
  23 yaks
  A wyvern (D:9)
  2 vampire mosquitoes (D:15)
  12 nagas
  A swamp worm (Gauntlet)
  An acid dragon (D:9)
  2 water moccasins
  A black bear (D:8)
  4 orc warriors
  5 wolves
  An ogre (D:10)
  A centaur (D:8)
  A kobold brigand (D:8)
  5 wights
  A howler monkey (D:9)
  A lava snake (Lair:4)
  2 orc priests (Orc:2)
  An iguana (D:6)
  An orc wizard (D:9)
  A white imp (Gauntlet)
  2 orcs (Orc:2)
  A quokka (D:12)
  2 kobolds (D:6)
  1313 foxfires
1447 creatures vanquished.

Grand Total: 2158 creatures vanquished

Notes
Turn   | Place    | Note
-------+----------+-------------------------------------------
     0 | D:1      | juan097 the Djinni Hedge Wizard began the quest for the
                  | Orb.
     0 | D:1      | juan097 set off with the following spells memorised: Magic
                  | Dart, Slow, Blink, Call Imp, Mephitic Cloud.
     0 | D:1      | Reached XP level 1. HP: 15/15 MP: 0/0
   108 | D:1      | Reached XP level 2. HP: 12/22 MP: 0/0
   592 | D:1      | Reached skill level 1 in Fighting
   755 | D:1      | Reached XP level 3. HP: 26/27 MP: 0/0
   755 | D:1      | Learned a level 1 spell: Foxfire
  1351 | D:2      | Reached XP level 4. HP: 33/33 MP: 0/0
  1581 | D:2      | Reached skill level 2 in Fighting
  1809 | D:3      | Noticed Jessica
  1838 | D:3      | Killed Jessica
  1839 | D:3      | Reached XP level 5. HP: 37/39 MP: 0/0
  1839 | D:3      | Learned a level 2 spell: Lesser Beckoning
  2141 | D:3      | Noticed Ijyb
  2164 | D:3      | Killed Ijyb
  2539 | D:4      | Noticed Natasha
  2551 | D:4      | Killed Natasha
  2556 | D:4      | Noticed Natasha
  2568 | D:4      | Killed Natasha
  2569 | D:4      | Reached skill level 3 in Fighting
  2569 | D:4      | Reached XP level 6. HP: 15/46 MP: 0/0
  2719 | D:4      | Noticed Natasha
  2725 | D:4      | Killed Natasha
  3240 | D:4      | Found Geulaffe's Antique Armour Shoppe.
  3387 | D:5      | Entered Level 5 of the Dungeon
  3401 | D:5      | Reached XP level 7. HP: 44/51 MP: 0/0
  3401 | D:5      | Learned a level 3 spell: Summon Guardian Golem
  3939 | D:5      | Reached skill level 4 in Fighting
  4164 | D:5      | Noticed Menkaure
  4179 | D:5      | Killed Menkaure
  4180 | D:5      | Reached XP level 8. HP: 38/58 MP: 0/0
  4274 | D:5      | Reached skill level 5 in Spellcasting
  4274 | D:5      | Reached skill level 5 in Conjurations
  4274 | D:5      | Reached skill level 5 in Hexes
  4274 | D:5      | Reached skill level 5 in Summonings
  4274 | D:5      | Reached skill level 5 in Necromancy
  4274 | D:5      | Reached skill level 5 in Translocations
  4274 | D:5      | Reached skill level 5 in Transmutations
  4274 | D:5      | Reached skill level 5 in Fire Magic
  4274 | D:5      | Reached skill level 5 in Ice Magic
  4274 | D:5      | Reached skill level 5 in Air Magic
  4274 | D:5      | Reached skill level 5 in Earth Magic
  4274 | D:5      | Reached skill level 5 in Poison Magic
  4567 | D:5      | Found a basalt altar of Yredelemnul.
  4586 | D:5      | Reached skill level 1 in Short Blades
  4828 | D:6      | Found a sand-covered staircase.
  4833 | Ossuary  | Entered an ossuary
  5205 | Ossuary  | Reached XP level 9. HP: 62/62 MP: 0/0
  5205 | Ossuary  | Learned a level 4 spell: Leda's Liquefaction
  5515 | D:6      | Found a staircase to the Ecumenical Temple.
  5532 | Temple   | Entered the Ecumenical Temple
  5834 | Temple   | Became a worshipper of Ru the Awakened
  6061 | D:6      | Noticed Grinder
  6070 | D:6      | Paralysed by Grinder for 3 turns
  6074 | D:6      | Killed Grinder
  6314 | D:6      | Identified the +8 short sword "Aubergine" {flame, rF+
                  | Dex+3}
  6502 | D:6      | Noticed Eustachio
  6546 | D:6      | HP: 3/62 [quokka[Eustachio] (2)]
  6591 | D:6      | Killed Eustachio
  6828 | D:6      | Found a shadowy altar of Dithmenos.
  6866 | D:6      | Noticed Sigmund
  6877 | D:6      | Killed Sigmund
  7372 | D:7      | Reached XP level 10. HP: 63/67 MP: 0/0
  7374 | D:7      | Gained mutation: You are missing a hand. [Ru sacrifice]
  7374 | D:7      | Reached * piety under Ru
  7374 | D:7      | Reached ** piety under Ru
  7402 | D:7      | Identified the orb of Satisfaction {guile, Str+3}
  7549 | D:7      | Reached skill level 1 in Armour
  7549 | D:7      | Reached skill level 1 in Evocations
  7747 | D:8      | Found Riuwn's Weapon Shop.
  7789 | D:8      | Found a glowing silver altar of Zin.
  7790 | D:8      | Found a transporter.
  7793 | D:8      | Found a transporter.
  7795 | D:8      | Noticed knightboat's ghost (novice OgMo)
  7812 | D:8      | Noticed a brown ugly thing
  8450 | D:8      | Found a glowing golden altar of the Shining One.
  8618 | D:8      | Reached skill level 5 in Dodging
  8696 | D:7      | Reached skill level 5 in Fighting
  9213 | D:9      | Found a transporter.
  9214 | D:9      | Noticed a catoblepas
  9214 | D:9      | Noticed a catoblepas
  9214 | D:9      | Noticed a manticore
  9215 | D:9      | Noticed a manticore
  9219 | D:9      | Noticed a yaktaur
  9224 | D:9      | Noticed a boulder beetle
 10572 | D:9      | Found a transporter.
 10572 | D:9      | Identified the ring "Tiacaong" {Ice rElec rN+ SInv}
 10761 | D:9      | Reached skill level 6 in Fighting
 10785 | D:9      | Reached XP level 11. HP: 57/76 MP: 0/0
 10785 | D:9      | Learned a level 4 spell: Summon Ice Beast
 10882 | D:9      | Found a staircase to the Lair.
 11418 | D:9      | Gained mutation: You cannot study or use magical devices.
                  | [Ru sacrifice]
 11418 | D:9      | Reached *** piety under Ru
 11418 | D:9      | Reached **** piety under Ru
 11418 | D:9      | Reached ***** piety under Ru
 11474 | D:10     | Entered Level 10 of the Dungeon
 11581 | D:10     | Noticed a two-headed ogre
 11693 | D:10     | Noticed Erica
 11698 | D:10     | Killed a two-headed ogre
 11699 | D:10     | Reached skill level 7 in Fighting
 11706 | D:10     | Killed Erica
 11782 | D:10     | Noticed a two-headed ogre
 11815 | D:10     | Killed a two-headed ogre
 11822 | D:10     | Noticed a two-headed ogre
 12156 | D:10     | Noticed a boulder beetle
 12167 | D:10     | HP: 1/81 [boulder beetle (31)]
 12368 | D:10     | Killed a two-headed ogre
 12369 | D:10     | Reached skill level 8 in Fighting
 12441 | D:10     | Noticed Lodul
 12561 | D:10     | Killed Lodul
 12604 | D:10     | Killed a boulder beetle
 12605 | D:10     | Reached skill level 10 in Spellcasting
 12605 | D:10     | Reached skill level 10 in Conjurations
 12605 | D:10     | Reached skill level 10 in Hexes
 12605 | D:10     | Reached skill level 10 in Summonings
 12605 | D:10     | Reached skill level 10 in Necromancy
 12605 | D:10     | Reached skill level 10 in Translocations
 12605 | D:10     | Reached skill level 10 in Transmutations
 12605 | D:10     | Reached skill level 10 in Fire Magic
 12605 | D:10     | Reached skill level 10 in Ice Magic
 12605 | D:10     | Reached skill level 10 in Air Magic
 12605 | D:10     | Reached skill level 10 in Earth Magic
 12605 | D:10     | Reached skill level 10 in Poison Magic
 12834 | D:10     | Found the +6 shillelagh "Devastator" {shatter}
 12875 | D:10     | Found a sparkling altar of Nemelex Xobeh.
 13095 | D:10     | Noticed Nergalle
 13109 | D:10     | Killed Nergalle
 13110 | D:10     | Reached XP level 12. HP: 78/86 MP: 0/0
 13615 | D:10     | Noticed Sonja
 13627 | D:10     | Killed Sonja
 13735 | D:11     | Noticed a boulder beetle
 13757 | D:11     | Killed a boulder beetle
 14119 | Lair:1   | Entered Level 1 of the Lair of Beasts
 14276 | Lair:1   | Noticed Gastronok
 14297 | Lair:1   | Killed Gastronok
 14298 | Lair:1   | Reached skill level 5 in Short Blades
 14736 | Lair:1   | Reached skill level 9 in Fighting
 14905 | Lair:1   | Identified the amulet of Midwinter {Harm rElec Regen+}
 15066 | Lair:1   | You are sucked into a shaft and drop 1 floor!
 15396 | Lair:1   | Gained mutation: You are somewhat unskilled. (-1 Apt) [Ru
                  | sacrifice]
 15396 | Lair:1   | Reduced skill Fighting to level 8
 15396 | Lair:1   | Reached ****** piety under Ru
 15761 | Lair:2   | Found a staircase to the Snake Pit.
 15860 | Lair:2   | Noticed a death yak
 15860 | Lair:2   | Noticed a death yak
 15863 | Lair:2   | Noticed a death yak
 15863 | Lair:2   | Noticed a death yak
 15884 | Lair:2   | Killed a death yak
 15906 | Lair:2   | Killed a death yak
 15907 | Lair:2   | Reached XP level 13. HP: 65/93 MP: 0/0
 15907 | Lair:2   | Learned a level 5 spell: Agony
 16220 | Lair:2   | Reached skill level 9 in Fighting
 16459 | Lair:2   | Noticed a seven-headed hydra
 16472 | Lair:2   | Killed a seven-headed hydra
 16661 | Lair:2   | Reached skill level 10 in Spellcasting
 16661 | Lair:2   | Reached skill level 10 in Conjurations
 16661 | Lair:2   | Reached skill level 10 in Hexes
 16661 | Lair:2   | Reached skill level 10 in Summonings
 16661 | Lair:2   | Reached skill level 10 in Necromancy
 16661 | Lair:2   | Reached skill level 10 in Translocations
 16661 | Lair:2   | Reached skill level 10 in Transmutations
 16661 | Lair:2   | Reached skill level 10 in Fire Magic
 16661 | Lair:2   | Reached skill level 10 in Ice Magic
 16661 | Lair:2   | Reached skill level 10 in Air Magic
 16661 | Lair:2   | Reached skill level 10 in Earth Magic
 16661 | Lair:2   | Reached skill level 10 in Poison Magic
 16837 | Lair:2   | Found a staircase to the Shoals.
 17076 | Lair:2   | Reached skill level 10 in Fighting
 17333 | Lair:2   | Reached skill level 1 in Throwing
 17552 | Lair:3   | Identified the +0 robe of Carved Knowledge {rF+ Int+3}
 17656 | Lair:3   | Reached XP level 14. HP: 91/103 MP: 0/0
 18591 | Lair:4   | Reached skill level 11 in Fighting
 18829 | Lair:5   | Entered Level 5 of the Lair of Beasts
 19462 | Lair:5   | Found a staircase to the Slime Pits.
 19902 | Lair:5   | Reached skill level 5 in Throwing
 20059 | Lair:5   | Found the ring of the Tortoise {AC+8}
 20069 | Lair:5   | Identified the +10 plate armour of Noughts and Crosses
                  | {Harm MP-9 Str+3 Dex+4}
 20401 | D:8      | Reached XP level 15. HP: 105/112 MP: 0/0
 20401 | D:8      | Learned a level 6 spell: Statue Form
 20573 | D:8      | Killed knightboat's ghost
 21258 | D:11     | Found a staircase to the Orcish Mines.
 21358 | Orc:1    | Entered Level 1 of the Orcish Mines
 21417 | Orc:1    | Reached skill level 5 in Stealth
 21472 | Orc:2    | Entered Level 2 of the Orcish Mines
 21472 | Orc:2    | Noticed an orc warlord
 21472 | Orc:2    | Found Faronnec's Book Shop.
 21633 | D:12     | Reached skill level 12 in Fighting
 21688 | D:12     | Found a gate leading to a gauntlet.
 21698 | Gauntlet | Entered a Gauntlet
 21698 | Gauntlet | Found a transporter.
 21698 | Gauntlet | Found a transporter.
 21703 | Gauntlet | Found a transporter.
 21718 | Gauntlet | Found a transporter.
 21722 | Gauntlet | Noticed a balrug
 21734 | Gauntlet | Found a transporter.
 21747 | Gauntlet | Found a transporter.
 21763 | Gauntlet | Found a transporter.
 21829 | Gauntlet | Found a transporter.
 21844 | Gauntlet | Found a transporter.
 21862 | Gauntlet | Found a transporter.
 21874 | Gauntlet | Found a transporter.
 21957 | Gauntlet | Found a transporter.
 21965 | Gauntlet | Found a transporter.
 21969 | Gauntlet | Found a transporter.
 21973 | Gauntlet | Found a transporter.
 21978 | Gauntlet | Found a transporter.
 22209 | Gauntlet | Identified the ring "Voica" {rElec Will+ Str-3 Int+6 Dex+5}
 22377 | Gauntlet | Identified the +1 hat of the Skies Above {Harm Stlth+}
 22484 | Gauntlet | Found the +8 demon blade "Leech" {evervamp, Harm Drain rN+}
 22727 | D:12     | Found a white marble altar of Elyvilon.
 23587 | D:13     | Found an opulent altar of Gozag.
 24228 | D:14     | Identified the +8 chain mail "Jenok" {rC+ rN+ Regen+ Dex+3}
 25110 | D:14     | Found a gate to the Vaults.
 25151 | D:15     | Entered Level 15 of the Dungeon
 25417 | D:15     | Reached XP level 16. HP: 107/120 MP: 0/0
 25902 | D:15     | Found Goney's Fire Supplies.
 25994 | D:15     | Found a staircase to the Depths.
 26497 | Orc:2    | Reached skill level 13 in Fighting
 26497 | Orc:2    | Noticed Rupert
 26510 | Orc:2    | HP: 3/109 [orc warrior/+0 hand axe (19)]
 26517 | Orc:2    | Killed Rupert
 26998 | Orc:2    | Found Wanuagg's Antique Weapon Shop.
 27003 | Orc:2    | Found a staircase to the Elven Halls.
 27040 | Orc:2    | Found Xubikav's General Store.
 27099 | Orc:2    | Found Babloik's Antique Armour Boutique.
 27382 | Orc:1    | Found Nunnear's General Store.
 27411 | Orc:1    | Noticed Jorgrun
 27431 | Orc:1    | Killed Jorgrun
 27665 | Orc:2    | Bought a translucent ring mail for 315 gold pieces
 27665 | Orc:2    | Identified the +0 ring mail "Kutu Miy" {Will++ Int+2} (You
                  | bought it in a shop on level 2 of the Orcish Mines)
 27689 | Orc:2    | Bought a pair of gloves for 157 gold pieces
 27898 | Snake:1  | Entered Level 1 of the Snake Pit
 28262 | Snake:1  | Found Woucsucw's Antique Weapon Boutique.
 29294 | Snake:2  | Reached skill level 1 in Long Blades
 29294 | Snake:2  | Reached XP level 17. HP: 102/127 MP: 0/0
 29294 | Snake:2  | Learned a level 7 spell: Orb of Destruction
 29616 | Snake:2  | Found Exusoakh's General Store.
 29616 | Snake:2  | Found Ruyg's Magic Scroll Shoppe.
 29624 | Snake:2  | Bought a scroll of fear for 56 gold pieces
 29624 | Snake:2  | Bought a scroll of fog for 56 gold pieces
 29624 | Snake:2  | Bought a scroll of identify for 28 gold pieces
 29632 | Snake:2  | Bought a scroll of blinking for 120 gold pieces
 29632 | Snake:2  | Bought a scroll of acquirement for 832 gold pieces
 29634 | Snake:2  | Acquired the +5 helmet "Locumoru" {Fly rC+}
 30035 | Snake:2  | Reached skill level 5 in Armour
 30522 | Snake:3  | Found a runed translucent gate.
 30522 | Snake:3  | Found a runed translucent gate.
 30522 | Snake:3  | Found a runed translucent gate.
 31080 | Snake:3  | Found an opulent altar of Gozag.
 31080 | Snake:3  | Found Gockuatz's Assorted Antiques.
 31081 | Snake:3  | Noticed Guoplah's ghost (adept HOFi)
 31082 | Snake:3  | Found Goutsir's Assorted Antiques.
 31317 | Snake:3  | Reached skill level 14 in Fighting
 31317 | Snake:3  | Reached XP level 18. HP: 128/135 MP: 0/0
 31670 | Snake:3  | Collided with a rock wall

Illustrated notes

Levels and vault maps discovered:
D:1:      psy_arrival_fountain, layout_basic, nicolae_figureground_pulse
D:2:      layout_rooms, kennysheep_generic_room_10
D:3:      layout_loops_ring, minmay_misc_feat_four_crosses, minmay_between,
          uniq_ijyb, uniq_jessica
D:4:      layout_rooms, serial_shops, shop, uniq_natasha
D:5:      layout_basic, lemuel_mausoleum_altar_yredelemnul, st_stairs_5,
          uniq_menkaure
D:6:      layout_basic, nicolae_dithmenos_the_darkroom,
          minmay_temple_entry_butterflies, nicolae_ossuary_entry_plus,
          uniq_grinder, uniq_sigmund, uniq_eustachio
D:7:      layout_basic, solitary_fountain
D:8:      layout_rooms, nicolae_overflow_hidden_temple,
          mainiacjoe_overflow_two_lobes, nzn_ghost_randoct, serial_shops,
          nicolae_shop_hallway_stairs, nicolae_water_bricks, nrook_pool_corridor
D:9:      gammafunk_sealed_arena, layout_cave_pools, erik_lair_orcish_takeover,
          nicolae_concentric_dashed_squares_wild, nicolae_straight_to_the_point
D:10:     layout_gridville, nicolae_overflow_crystal_walls,
          dilly_guarded_unrand_devastator, uniq_nergalle, uniq_erica,
          uniq_sonja, uniq_lodul
D:11:     layout_loops_ring, orc_0_dummy
D:12:     layout_roguey, gauntlet_entry_generic, elyvilon_altar_4
D:13:     layout_irregular_city, nicolae_gozag_cash_rules_everything_around_me
D:14:     layout_loops_ring, david_vaults_4, grunt_decor_arrowhead
D:15:     grunt_enter_depths_magical_seal, layout_cave_pools, minivault_14,
          nicolae_shop_fire_sale [nicolae_sub_dead_trees], minmay_more_statues
Temple:   compressed_dpeg_triangle_lava_temple
Lair:1:   layout_chaotic_city, minivault_11, lemuel_fruit_fields, uniq_gastronok
Lair:2:   layout_misc_corridors, elwin_shoals_entry_stream,
          guppyfry_snake_entry_garden, beast_lair_carwin_6
Lair:3:   layout_cave_shapes
Lair:4:   cheibrodos_magma_flow, layout_hall_layers, bh_autumn_forest_stairs
Lair:5:   evilmike_catoblepas_cave, layout_gridlike,
          nicolae_slime_entry_field_trip
Snake:1:  layout_chambers, minmay_shop_star
Snake:2:  layout_grid_shapes, st_stairs_14, evilmike_ambush
          [evilmike_ambush_outer_basic, evilmike_ambush_inner_pond],
          minmay_shoptagon
Snake:3:  layout_misc_corridors, ebering_ghost_gozag, grunt_megastairs_2,
          nicolae_triple_integral
Orc:1:    layout_diamond_mine, serial_shops, nicolae_shop_waterfront,
          uniq_jorgrun
Orc:2:    grunt_orc_gardens, layout_diamond_mine, grunt_orc_garden,
          grunt_orc_garden, grunt_orc_garden, grunt_orc_garden, uniq_rupert

Skill      XL: |  1  2  3  4  5  6  7  8  9 10 11 12 13 14 15 16 17 |
---------------+----------------------------------------------------+-----
Spellcasting   | 3 4 6 8 10 9 10 11 12 | 12.2
Conjurations   | 3 4 6 8 10 9 10 11 12 | 12.2
Hexes          | 3 4 6 8 10 9 10 11 12 | 12.2
Summonings     | 3 4 6 8 10 9 10 11 12 | 12.2
Necromancy     | 3 4 6 8 10 9 10 11 12 | 12.2
Translocations | 3 4 6 8 10 9 10 11 12 | 12.2
Transmutations | 3 4 6 8 10 9 10 11 12 | 12.2
Fire Magic     | 3 4 6 8 10 9 10 11 12 | 12.2
Ice Magic      | 3 4 6 8 10 9 10 11 12 | 12.2
Air Magic      | 3 4 6 8 10 9 10 11 12 | 12.2
Earth Magic    | 3 4 6 8 10 9 10 11 12 | 12.2
Poison Magic   | 3 4 6 8 10 9 10 11 12 | 12.2
Fighting       | 1 2 3 4 6 8 8 10 11 12 13 14 | 14.0
Stealth        | 2 4 3 4 6 7 8 |  8.7
Dodging        | 3 4 6 7 8 9 |  9.5
Short Blades   | 2 4 5 6 8 |  8.0
Armour         | 2 3 4 5 |  5.9
Evocations     | 4 0 |  0.0
Throwing       | 2 5 6 7 8 |  8.5
Long Blades    | 1 3 |  3.7

Action                     |  1- 3 |  4- 6 |  7- 9 | 10-12 | 13-15 | 16-18 || total
---------------------------+-------+-------+-------+-------+-------+-------++-------
  Melee: Scimitar          |       |     4 |       |       |       |       ||     4
         Whip              |       |       |     2 |       |       |       ||     2
         Dagger            |       |       |    78 |   138 |   748 |   394 ||  1358
         Punch             |       |       |     2 |       |       |       ||     2
         Demon blade       |       |       |       |       |       |   291 ||   291
  Throw: Dart              |       |       |       |     4 |       |     6 ||    10
   Cast: Magic Dart        |    46 |     4 |     3 |       |     2 |     6 ||    61
         Foxfire           |    30 |    76 |   182 |   290 |    96 |    54 ||   728
         Mephitic Cloud    |       |     1 |     3 |     9 |    78 |    40 ||   131
         Summon Guardian G |       |       |     6 |    51 |   123 |   105 ||   285
         Blink             |       |       |       |     6 |    10 |    15 ||    31
         Call Imp          |       |       |       |     1 |     1 |       ||     2
         Summon Ice Beast  |       |       |       |    32 |    85 |    76 ||   193
         Slow              |       |       |       |       |     1 |       ||     1
         Agony             |       |       |       |       |     4 |     1 ||     5
         Lesser Beckoning  |       |       |       |       |       |    12 ||    12
         Leda's Liquefacti |       |       |       |       |       |     1 ||     1
 Invoke: Sacrifice a Hand  |       |       |       |     1 |       |       ||     1
         Apocalypse        |       |       |       |     1 |       |     7 ||     8
         Sacrifice Artific |       |       |       |     1 |       |       ||     1
         Sacrifice Skill   |       |       |       |     1 |       |       ||     1
  Evoke: Wand              |       |       |     3 |     1 |       |       ||     4
    Use: Scroll            |       |       |       |    19 |    10 |     7 ||    36
         Potion            |       |       |       |     2 |     2 |     2 ||     6
   Stab: Sleeping          |       |       |    15 |       |     6 |     6 ||    27
         Confused          |       |       |     2 |     3 |    43 |    15 ||    63
         Distracted        |       |       |       |     3 |     6 |     6 ||    15
         Invisible         |       |       |       |     1 |     5 |     6 ||    12
         Paralysed         |       |       |       |       |     4 |    13 ||    17
 Armour: Robe              |    10 |    10 |    33 |       |       |       ||    53
         Leather armour    |       |       |     2 |    58 |   209 |   296 ||   565
  Dodge: Dodged            |    21 |    20 |   258 |   347 |   468 |   489 ||  1603

Table legend: (Time is in decaauts)
 A = Elapsed time spent in this place.
 B = Non-inter-level travel time spent in this place.
 C = Inter-level travel time spent in this place.
 D = Time resting spent in this place.
 E = Time spent auto-exploring this place.
 F = Levels seen in this place.
 G = Mean time per level.
                   A        B        C        D        E       F      G
               +--------+--------+--------+--------+--------+-----+--------+
         Total |  31312 |  29239 |   2073 |     50 |  20833 |  28 | 1118.3 |
       Dungeon |  18465 |  17001 |   1464 |     28 |  12669 |  15 | 1231.0 |
        Temple |    316 |    279 |     37 |      0 |    270 |   1 |  316.0 |
          Lair |   6117 |   5796 |    321 |      0 |   4261 |   5 | 1223.4 |
     Snake Pit |   3731 |   3608 |    123 |     22 |   2217 |   3 | 1243.7 |
  Orcish Mines |   1330 |   1202 |    128 |      0 |    714 |   2 |  665.0 |
       Ossuary |    468 |    468 |      0 |      0 |    271 |   1 |  468.0 |
      Gauntlet |    881 |    881 |      0 |      0 |    431 |   1 |  881.0 |
               +--------+--------+--------+--------+--------+-----+--------+

Top non-repeatable levels by time:
     D:9: 2049 daAuts
     D:8: 2029 daAuts
  Lair:1: 1856 daAuts
    D:10: 1822 daAuts
     D:6: 1578 daAuts
    D:14: 1565 daAuts
 Snake:1: 1531 daAuts
  Lair:2: 1460 daAuts
     D:5: 1407 daAuts
  Lair:5: 1303 daAuts
 Snake:2: 1186 daAuts
     D:1: 1153 daAuts
    D:11: 1138 daAuts
     D:7: 1136 daAuts
 Snake:3: 1013 daAuts
